 Dungeon Crawl Stone Soup version 0.25.0-46-gbd7b0854d2 (webtiles) character file.

Game seed: 7623580458604775441

2933 ANON1729 the Cudgeler (level 9, -2/89 HPs)
             Began as a Troll Gladiator on July 13, 2020.
             Slain by a black mamba (10 damage)
             ... on level 4 of the Lair of Beasts.
             The game lasted 00:16:04 (6557 turns).

ANON1729 the Cudgeler (Troll Gladiator)             Turns: 6557, Time: 00:16:04

Health: -2/89      AC:  8    Str: 31    XL:     9   Next: 51%
Magic:  17/17      EV: 11    Int:  4    God:
Gold:   299        SH:  0    Dex: 11    Spells: 8/8 levels left

rFire    . . .     SeeInvis .   a - +0 flail
rCold    . . .     Gourm    +   (no shield)
rNeg     . . .     Faith    .   m - +1 robe of the Enchanted Forest {rPois Str+4}
rPois    +         Spirit   .   c - +1 hat
rElec    .         Reflect  .   (no cloak)
rCorr    .         Harm     .   (gloves unavailable)
MR       .....                  (boots unavailable)
Stlth    +.........             (no amulet)
HPRegen  0.64/turn              (no ring)
MPRegen  0.15/turn              u - ring of magical power

@: no status effects
A: large, unfitting armour, claws 3, fast metabolism 3, gourmand, regeneration
1, shaggy fur 1, tough skin 3
a: no special abilities


You were on level 4 of the Lair of Beasts.
You were completely stuffed.

You visited 3 branches of the dungeon, and saw 14 of its levels.

You collected 299 gold pieces.

Inventory:

Hand Weapons
 a - a +0 flail (weapon)
Missiles
 d - 3 throwing nets
 i - 5 silver javelins (quivered)
Armour
 b - a +0 robe
 c - a +1 hat (worn)
 m - the +1 robe of the Enchanted Forest (worn) {rPois Str+4}
   (You found it on level 4 of the Dungeon)

   It affects your strength (+4).
   It protects you from poison.
Jewellery
 u - a ring of magical power (right claw)
Scrolls
 e - a scroll of fog
 g - 3 scrolls of enchant armour
 h - 4 scrolls of immolation
 k - a scroll of magic mapping
 n - 3 scrolls of enchant weapon {unknown}
 q - 4 scrolls of remove curse
 s - a scroll of random uselessness {unknown}
 w - 2 scrolls of amnesia {unknown}
 x - 3 scrolls of teleportation
 y - a scroll of torment {unknown}
 F - a scroll of noise {unknown}
 H - a scroll of identify
Potions
 j - 2 potions of curing
 l - a potion of heal wounds {unknown}
 o - 2 potions of resistance {unknown}
 p - a potion of haste {unknown}
 r - a potion of brilliance {unknown}
 t - a potion of ambrosia {unknown}
 z - 3 potions of flight {unknown}
 A - a potion of stabbing {unknown}
 B - a potion of lignification {unknown}
 C - 2 potions of might {unknown}
 D - a potion of mutation {unknown}
 E - a potion of invisibility {unknown}
Miscellaneous
 G - a box of beasts
Comestibles
 f - 8 rations


   Skills:
 * Level 6.1 Fighting
 * Level 7.0 Maces & Flails
 + Level 4.9 Throwing
 + Level 3.9 Armour
 + Level 4.8 Dodging


You had 8 spell levels left.
You didn't know any spells.
Your spell library was empty.

Dungeon Overview and Level Annotations

Branches:
Dungeon (11/15)            Temple (1/1) D:5            Lair (4/6) D:11
  Swamp: Lair:2-4    Shoals: Lair:2-4     Snake: Lair:2-4    Spider: Lair:2-4
    Orc: D:9-12

Altars:
Ashenzari
Cheibriados
Dithmenos
Elyvilon
Fedhas
Gozag
Hepliaklqana
Okawaru
Ru
Sif Muna
Trog
Uskayaw
Vehumet
Wu Jian
Xom
Yredelemnul
The Shining One

Shops:
D:4 [

Annotations:
D:5 3 runed translucent doors, Curus's ghost, novice MiFi
D:7 Harold


Innate Abilities, Weirdness & Mutations

You are too large for most types of armour.
You have claws for hands.
Your metabolism is lightning-fast.
You like to eat raw meat.
Your natural rate of healing is unusually fast.
You are covered in fur. (AC +1)
You have extremely tough skin. (AC +3)


Message History

The black mamba is almost dead.
The black mamba bites you!
* * * LOW HITPOINT WARNING * * *
The black mamba barely misses you.
You hit the black mamba but do no damage.
The black mamba is almost dead.
The black mamba bites you!
* * * LOW HITPOINT WARNING * * *
The black mamba bites you!
* * * LOW HITPOINT WARNING * * *
A rime drake comes into view.
An adder comes into view.
The adder hisses angrily.
The black mamba completely misses you.
Evoke which item? (* to show all) (? for menu, Esc to quit)
You open the lid... ...and a larval oxsting beast leaps out!
The now-empty box falls apart.
The black mamba barely misses you. The black mamba bites you!
You die...

##k## #รท# #<# # ###
##.# #. ###.##
#..### ...#
#P...####..^##
.....##....###..#.#
...........S.##SH.##
.#............@....#
##.#####P...##P..##
# ##.######## ###


You could see a black mamba, an adder and a friendly larval oxsting beast
(summoned).

Vanquished Creatures
  A troll (D:11)
  A water moccasin (Lair:4)
  A porcupine (Lair:1)
  Duvessa (D:6)
  An ice beast (D:5)
  3 sky beasts
  A phantom (D:6)
  2 orc warriors
  The ghost of cantrip the Shield-Bearer, an amateur FoFi (D:2)
  A big kobold (D:5)
  Blork the orc (D:4)
  5 bullfrogs
  Dowan (D:6)
  3 scorpions
  A howler monkey (D:4)
  A crimson imp (D:6)
  A bullfrog zombie (D:7)
  A quasit (D:5)
  3 hounds
  4 orc priests
  4 orc wizards
  A centaur skeleton (D:5)
  2 iguanas
  Natasha (thrice) (D:4)
  6 worker ants
  A hound skeleton (D:7)
  A hound zombie (D:11)
  A worker ant zombie (D:7)
  4 gnolls
  12 adders
  2 shadow imps
  2 worms
  3 dart slugs
  7 leopard geckos
  27 orcs
  7 bats
  3 giant cockroaches
  4 goblins
  6 hobgoblins
  6 jackals
  13 kobolds
  2 quokkas
  2 ball pythons
  5 frilled lizards
  A leopard gecko skeleton (D:5)
  A quokka skeleton (D:4)
  5 rats
165 creatures vanquished.

Vanquished Creatures (others)
  A plant (Lair:4)
1 creature vanquished.

Grand Total: 166 creatures vanquished

Notes
Turn   | Place    | Note
-------+----------+-------------------------------------------
     0 | D:1      | ANON1729 the Troll Gladiator began the quest for the Orb.
     0 | D:1      | Reached XP level 1. HP: 19/19 MP: 0/0
   232 | D:1      | Reached XP level 2. HP: 26/28 MP: 1/1
   495 | D:1      | Reached skill level 3 in Maces & Flails
  1028 | D:2      | Reached XP level 3. HP: 33/35 MP: 2/2
  1208 | D:3      | Reached XP level 4. HP: 41/42 MP: 3/3
  1608 | D:2      | Found an ornate altar of the Wu Jian Council.
  1798 | D:3      | Reached skill level 1 in Armour
  1886 | D:3      | Reached XP level 5. HP: 49/50 MP: 4/4
  2287 | D:3      | Found a runed translucent door.
  2288 | D:3      | Noticed cantrip's ghost (amateur FoFi)
  2305 | D:3      | Found a shimmering altar of Xom.
  2659 | D:2      | Killed cantrip's ghost
  2659 | D:2      | Reached skill level 4 in Maces & Flails
  2659 | D:2      | Reached XP level 6. HP: 22/61 MP: 5/5
  2886 | D:4      | Got a twisted robe
  2907 | D:3      | Identified the +1 robe of the Enchanted Forest {rPois
                  | Str+4} (You found it on level 4 of the Dungeon)
  2938 | D:4      | Noticed Blork the orc
  2955 | D:4      | Killed Blork the orc
  2989 | D:4      | Found Fudghess's Armour Boutique.
  3126 | D:4      | Noticed Natasha
  3129 | D:4      | Killed Natasha
  3136 | D:4      | Reached XP level 7. HP: 31/67 MP: 6/6
  3340 | D:4      | Found a shattered altar of Ashenzari.
  3416 | D:4      | Noticed Natasha
  3427 | D:4      | Killed Natasha
  3478 | D:4      | Noticed Natasha
  3484 | D:4      | Killed Natasha
  3594 | D:5      | Entered Level 5 of the Dungeon
  3838 | D:5      | Reached skill level 5 in Maces & Flails
  3982 | D:5      | Reached XP level 8. HP: 51/79 MP: 7/7
  4136 | D:5      | Found a runed translucent gate.
  4136 | D:5      | Found a runed translucent gate.
  4137 | D:5      | Found a runed translucent gate.
  4140 | D:5      | Noticed Curus's ghost (novice MiFi)
  4172 | D:5      | Found a staircase to the Ecumenical Temple.
  4183 | Temple   | Entered the Ecumenical Temple
  4583 | D:6      | Found a shattered altar of Ashenzari.
  4693 | D:6      | Reached skill level 5 in Fighting
  4701 | D:6      | Reached skill level 6 in Maces & Flails
  4886 | D:6      | Noticed Duvessa
  4886 | D:6      | Noticed Dowan
  4962 | D:6      | Killed Duvessa
  4963 | D:6      | Killed Dowan
  4963 | D:6      | Reached XP level 9. HP: 51/88 MP: 8/8
  5523 | D:7      | Noticed Harold
  5554 | D:7      | HP: 2/88 [Harold/harpoon shot (7)]
  5788 | D:7      | You fall into a shaft and drop 2 floors!
  5885 | D:9      | You fall into a shaft and drop 2 floors!
  6043 | D:11     | Noticed a troll
  6050 | D:11     | Killed a troll
  6227 | D:11     | Found a staircase to the Lair.
  6247 | Lair:1   | Entered Level 1 of the Lair of Beasts
  6377 | Lair:4   | Noticed a spiny frog
  6513 | Lair:4   | Reached skill level 7 in Maces & Flails
  6537 | Lair:4   | Noticed a black mamba
  6555 | Lair:4   | Noticed a rime drake
  6557 | Lair:4   | Slain by a black mamba

Illustrated notes

Levels and vault maps discovered:
D:1:      dpeg_arrival_connections, layout_basic, minmay_parallelograms,
          hangedman_decor_lopped, chequers_serial_rivers_small_a,
          patterned_corridor
D:2:      layout_basic, nicolae_overflow_crystal_walls, first_ration
D:3:      minmay_evil_eye, layout_loops_cross, ebering_ghost_reflecting_pool,
          brannock_xom_greatest_gift
D:4:      layout_cave_pools, serial_shops, nicolae_shop_waterfront,
          evilmike_ruin_ashenzari, uniq_natasha, uniq_blork_the_orc
D:5:      layout_basic, minmay_temple_entry_butterflies,
          gammafunk_ghost_necromancy, minmay_fractal_squares_gapless_5
D:6:      layout_cave_pools, overflow_temple_1_default, grunt_ministairs_12,
          uniq_duvessa
D:7:      layout_basic, uniq_harold, uniq_maggie
D:9:      layout_long_grid, minitemple, orc_0_dummy
D:11:     layout_loops_ring, lair_entry_dummy
Temple:   nicolae_temple_great_sept
Lair:1:   layout_long_grid, lightli_volcano_entry_magma_tube,
          serial_bayou_ford_a
Lair:2:   layout_cave_pods, minmay_shoals_entry_centaurs, st_stairs_3,
          cheibrodos_lair_reptile_den, uniq_nergalle
Lair:3:   layout_gridlike, grunt_megastairs_1, infiniplex_staircase_pool_2,
          uniq_urug
Lair:4:   layout_misc_corridors, minmay_snake_entry_six_corridors, minivault_29

Skill      XL: |  1  2  3  4  5  6  7  8  9 |
---------------+----------------------------+-----
Throwing       | 2 3 4 |  4.9
Maces & Flails | 3 4 5 6 7 |  7.0
Fighting       | 2 3 4 5 6 |  6.1
Armour         | 1 2 3 |  3.9
Dodging        | 3 4 |  4.8

Action                   |  1- 3 |  4- 6 |  7- 9 || total
-------------------------+-------+-------+-------++-------
Melee: Flail             |   103 |   200 |   379 ||   682
Throw: Javelin           |       |       |     8 ||     8
Evoke: Wand              |       |       |     9 ||     9
       Box of beasts     |       |       |     4 ||     4
  Use: Scroll            |       |     7 |     4 ||    11
       Potion            |       |       |     1 ||     1
 Stab: Sleeping          |       |       |     1 ||     1
  Eat: Chunk             |    11 |    18 |    39 ||    68
Armor: Robe              |    59 |    73 |   211 ||   343
Dodge: Dodged            |    95 |   110 |   273 ||   478
